 Dungeon Crawl Stone Soup version 0.27-a0-1590-g15f69828bf (webtiles) character file.

Game seed: 10084717369260935845

351 Spaninq the Ruffian (level 6, 0/50 HPs)
             Began as a Draconian Transmuter on July 18, 2021.
             Slain by an ogre (14 damage)
             ... on level 4 of the Dungeon.
             The game lasted 00:07:29 (2918 turns).

Spaninq the Ruffian (Draconian Transmuter)          Turns: 2918, Time: 00:07:30

Health: 0/50       AC:  6    Str: 12    XL:     6   Next: 34%
Magic:  8/9        EV: 12    Int: 22    God:
Gold:   42         SH:  0    Dex: 11    Spells: 8/11 levels left

rFire    . . .     SeeInvis .     - Unarmed
rCold    . . .     Faith    .   (no shield)
rNeg     . . .     Spirit   .   (armour unavailable)
rPois    +         Reflect  .   (helmet currently unavailable)
rElec    .         Harm     .   (no cloak)
rCorr    .         Rampage  .   (no gloves)
Will     .....                  (boots currently unavailable)
Stlth    +.........             (no amulet)
HPRegen  0.16/turn              d - ring of wizardry
MPRegen  0.11/turn              e - +6 ring of intelligence

@: appendages (expiring), wereblooded
A: horns 2, talons 2, AC +6, unfitting armour, cold-blooded, low mp 1, poison
resistance
a: End Transformation


You were on level 4 of the Dungeon.
You had temporarily grown beastly horns and talons.
You visited 1 branch of the dungeon, and saw 4 of its levels.

You collected 42 gold pieces.

Inventory:

Jewellery
 d - a ring of wizardry (left hand)
 e - a +6 ring of intelligence (right hand)
Scrolls
 b - 2 scrolls of noise {unknown}
 f - a scroll of enchant armour {unknown}
 g - 2 scrolls of identify {unknown}
 i - a scroll of summoning {unknown}
 j - a scroll of blinking {unknown}
Potions
 a - a potion of curing


   Skills:
 + Level 2.9 Fighting
 + Level 2.9 Dodging
 * Level 4.8 Unarmed Combat
 + Level 3.0 Spellcasting
 + Level 3.3 Transmutations


You had 8 spell levels left.
You knew the following spells:

 Your Spells              Type           Power      Damage    Failure   Level
a - Beastly Appendage     Tmut           34%        N/A       1%          1
b - Wereblood             Tmut           17%        N/A       1%          2

Your spell library contained the following spells:

 Spells                   Type           Power      Damage    Failure   Level
 Magic Dart               Conj           12%        1d3       4%          1
 Summon Small Mammal      Summ           12%        N/A       4%          1
 Searing Ray              Conj           6%         3d3       8%          2
 Spider Form              Tmut/Pois      5%         N/A       8%          3
 Call Canine Familiar     Summ           3%         N/A       16%         3
 Summon Guardian Golem    Hex/Summ       3%         N/A       16%         3
 Ice Form                 Ice/Tmut       10%        N/A       26%         4
 Fulminant Prism          Conj/Hex       1%         3d6       43%         4


Dungeon Overview and Level Annotations

Branches:
Dungeon (4/15)
 Temple: D:4-7

Altars:
Gozag
Uskayaw


Innate Abilities, Weirdness & Mutations

You have temporarily grown beastly horns and talons.
Your plain brown scales are hard. (AC +6)
You cannot fit into any form of body armour.
You are cold-blooded and may be slowed by cold attacks.
Your magical capacity is low. (-10% MP)
Your system is resistant to poisons. (rPois)


Message History

An adder comes into view.
The ogre closely misses you. The quokka closely misses you.
You punch the quokka!
You kill the quokka!
Casting: Beastly Appendage (safe; 1% risk of failure)
Confirm with . or Enter, or press ? or * to list all spells.
Your blood is infused with primal strength.
The adder bites you.
You miss the adder. Your kick misses the adder.
The adder bites you but does no damage.
You closely miss the adder. You headbutt the adder!
Your tail-slap misses the adder.
The adder is almost dead.
The adder misses you. The adder barely misses you.
You barely miss the adder.
Your tail-slap misses the adder.
The adder is almost dead.
The ogre closely misses you. The adder bites you.
You are poisoned.
The adder poisons you!
You feel sick.
You feel sick.
You feel sick.
You feel sick. The adder closely misses you. The adder bites you.
* * * LOW HITPOINT WARNING * * *
Your transformation is almost over.
You feel sick.
You feel sick.
You are no longer poisoned.
The adder completely misses you.
You closely miss the adder. You headbutt the adder.
You feel a bit better.
You kill the adder!
You barely miss the ogre. You punch the ogre! Your kick misses the ogre.
You tail-slap the ogre.
The ogre is heavily wounded.
The ogre closely misses you.
You hit the ogre.
Your tail-slap misses the ogre.
The ogre is severely wounded.
The ogre hits you with a +0 giant spiked club!
You die...

...............#..........
..................##..#..#
#..#..........>.## ## .
#..#.............# ..
####...####.....).##
...#...........#...<.#
#..!....###.#.####...##
#......O###....##.....#
##.......##....O@.....#
#...........#.....##.....
.....##..#.##.##### ...##
..... #..####.. ...# .....
#..# #... ....# .... ##.#
..#.. .... .... ... #.##.#
##. ... .. .


You could see an ogre.

Vanquished Creatures
  A phantom (D:4)
  A scorpion (D:4)
  An orc priest (D:3)
  A jelly (D:3)
  An iguana (D:4)
  A hound skeleton (D:4)
  5 adders
  A gnoll (D:1)
  An adder skeleton (D:4)
  2 worms
  A dart slug (D:1)
  4 orcs
  4 endoplasms
  3 giant cockroaches
  5 goblins
  4 hobgoblins
  5 jackals (D:3)
  3 kobolds
  5 quokkas
  3 ball pythons
  5 bats
  A frilled lizard (D:3)
58 creatures vanquished.

Notes
Turn   | Place    | Note
-------+----------+-------------------------------------------
     0 | D:1      | Spaninq the Draconian Transmuter began the quest for the
                  | Orb.
     0 | D:1      | Reached XP level 1. HP: 16/16 MP: 3/3
   196 | D:1      | Reached XP level 2. HP: 21/23 MP: 5/5
   738 | D:2      | Reached XP level 3. HP: 28/28 MP: 4/6
  1148 | D:2      | Found an opulent altar of Gozag.
  1459 | D:3      | Reached XP level 4. HP: 31/36 MP: 7/7
  1596 | D:3      | Gained mutation: Your magical capacity is low. (-10% MP)
                  | [potion of mutation]
  1596 | D:3      | Gained mutation: Your system is resistant to poisons.
                  | (rPois) [potion of mutation]
  1612 | D:3      | Reached skill level 4 in Unarmed Combat
  1953 | D:3      | Learned a level 2 spell: Wereblood
  1962 | D:3      | Reached XP level 5. HP: 10/41 MP: 3/8
  2313 | D:3      | Found a faded altar of an unknown god.
  2599 | D:3      | Found a hide-covered altar of Uskayaw.
  2799 | D:4      | HP: 2/42 [scorpion (8)]
  2808 | D:4      | Noticed a phantom
  2815 | D:4      | Killed a phantom
  2816 | D:4      | Reached XP level 6. HP: 14/50 MP: 9/9
  2918 | D:4      | Slain by an ogre

Illustrated notes

Levels and vault maps discovered:
D:1:      tarquinn_simple_flora_water_f, layout_rooms
D:2:      layout_rooms, basic_altar, kennysheep_potato
D:3:      layout_basic, overflow_temple_1_default,
          ebering_ecumenical_altar_petrified, minmay_misc_feat_plants
D:4:      layout_cave_pools, old_standard_altar, gup_sewer_entry_spiral,
          gammafunk_ghost_grave, serial_park, serial_park_tiny_pond,
          serial_park_tiny_pond

Skill      XL: |  1  2  3  4  5  6 |
---------------+-------------------+-----
Dodging        | 2 |  2.9
Fighting       | 2 |  2.9
Unarmed Combat | 4 |  4.8
Transmutations | 3 |  3.3
Spellcasting   | 3 |  3.0

Action                   |  1- 3 |  4- 6 || total
-------------------------+-------+-------++-------
Melee: Unarmed           |   102 |    94 ||   196
       Tailslap          |    11 |    10 ||    21
       Punch             |     4 |     1 ||     5
       Kick              |    14 |    14 ||    28
       Headbutt          |     7 |     8 ||    15
 Cast: Beastly Appendage |    19 |    12 ||    31
       Wereblood         |       |     4 ||     4
  Use: Potion            |       |     5 ||     5
Armor: Skin              |    37 |    26 ||    63
Dodge: Dodged            |    73 |    47 ||   120

Table legend: (Time is in decaauts)
 A = Elapsed time spent in this place.
 B = Non-inter-level travel time spent in this place.
 C = Inter-level travel time spent in this place.
 D = Time resting spent in this place.
 E = Time spent auto-exploring this place.
 F = Levels seen in this place.
 G = Mean time per level.
                   A        B        C        D        E       F      G
               +--------+--------+--------+--------+--------+-----+--------+
         Total |   2902 |   2851 |     51 |    896 |   1421 |   4 |  725.5 |
       Dungeon |   2902 |   2851 |     51 |    896 |   1421 |   4 |  725.5 |
               +--------+--------+--------+--------+--------+-----+--------+

Top non-repeatable levels by time:
     D:3: 1345 daAuts
     D:1: 715 daAuts
     D:2: 710 daAuts
     D:4: 131 daAuts
